AoeStats
← Luchiansky

Northern Isles

510844689Analyzed
1v1 RM · 23h ago on Oct 2, 2026· 43m 2s· 2 players
Game mode
Random Map
Map size
Tiny (2 player)
Population
200
Speed
Normal
Resources
Standard
Victory
Conquest
Starting age
Dark Age
Ending age
Imperial Age
RankedLock teamsTeams togetherTeam positionsShared explorationLock speedFull tech treeHidden civsTurbo modeCheats
Victory
Defeat
🇳🇱 Malians · Netherlands
1218
+17
🇦🇷 Portuguese · Argentina
1231
-17
Satanus9001
10:57 Feudal Age
15:19 Castle Age
13:41 Fletching
14:20 Double-Bit Axe
16:26 Wheelbarrow
16:38 Medium Warships
16:28 Bodkin Arrow
18:36 Town Watch
18:37 Loom
19:59 Stone Mining
22:12 Horse Collar
27:20 Squires
27:06 Arson
27:22 Scale Mail Armor
28:25 Hand Cart
28:57 Chain Mail Armor
28:52 Forging
32:40 Imperial Age
32:35 Iron Casting
32:04 Man-at-Arms
32:05 Pikeman
32:45 Long Swordsman
33:57 Plate Mail Armor
33:51 Conscription
34:09 Two-Handed Swordsman
35:34 Bow Saw
35:18 Capped Ram
37:52 Champion
Luchiansky
7:06 Loom
11:04 Feudal Age
15:14 Castle Age
13:24 Stone Mining
13:45 Double-Bit Axe
14:31 Gold Mining
18:31 Fletching
21:31 Medium Warships
26:36 Padded Archer Armor
30:11 Leather Archer Armor
30:37 Fishing Lines
37:54 Wheelbarrow
38:13 Bodkin Arrow
Connection lost

Rejoining the realm…

Still unreachable

The connection could not be restored.

Session expired

The server has moved on; the page needs a fresh start.